 Dungeon Crawl Stone Soup version 0.21.1-1-g345015f (webtiles) character file.

169 shakethe the Grave Robber (level 5, -1/37 HPs)
             Began as a Gnoll Necromancer on Feb 10, 2018.
             Slain by an ogre
             ... wielding a +0 giant club
              (13 damage)
             ... on level 4 of the Dungeon.
             The game lasted 00:11:13 (1998 turns).

shakethe the Grave Robber (Gnoll Necromancer)       Turns: 1998, Time: 00:11:13

Health: -1/37      AC:  2    Str: 12    XL:     5   Next: 50%
Magic:  9/12       EV: 15    Int: 17    God:
Gold:   150        SH:  0    Dex: 15    Spells: 9/14 levels left

rFire    . . .     SeeInvis .   h - +0 short sword
rCold    . . .     Gourm    .   (no shield)
rNeg     . . .     Faith    .   a - +0 robe
rPois    .         Spirit   .   (no helmet)
rElec    .         Reflect  .   (no cloak)
rCorr    .         Harm     .   (no gloves)
MR       .....                  (no boots)
Stlth    +++.......             (no amulet)
HPRegen  1.12/turn              l - ring of flight {+Fly, !d}
MPRegen  0.13/turn              (no ring)

@: regenerating
A: distributed training, fangs 1, strong nose
a: Evoke Flight


You were on level 4 of the Dungeon.
You were not hungry.

You visited 1 branch of the dungeon, and saw 4 of its levels.

You collected 150 gold pieces.

Inventory:

Hand Weapons
 h - a +0 short sword (weapon)
   (You took it off a kobold on level 1 of the Dungeon)
Armour
 a - a +0 robe (worn)
 q - a +0 ring mail
   (You took it off Ijyb on level 3 of the Dungeon)
Jewellery
 l - a ring of flight (left hand) {+Fly, !d}
   (You found it on level 2 of the Dungeon)
 r - a +1 ring of slaying {unknown}
   (You found it on level 3 of the Dungeon)
Wands
 p - a wand of enslavement (11)
   (You took it off Ijyb on level 3 of the Dungeon)
Scrolls
 e - a scroll of fog {unknown}
 f - 4 scrolls of teleportation {unknown}
 i - 2 scrolls of enchant armour {unknown}
 j - 4 scrolls of identify {unknown}
 m - a scroll of fear {unknown}
 n - a scroll of immolation {unknown}
 s - a scroll of magic mapping {unknown}
Potions
 d - 2 potions of cancellation {unknown}
 g - 2 potions of ambrosia {unknown}
 o - a potion of resistance {unknown}
Books
 b - a book of Necromancy
Comestibles
 c - a ration
 k - 2 chunks of flesh {@w0}


   Skills:
 + Level 1.4 Fighting
 + Level 1.4 Short Blades
 + Level 1.4 Long Blades
 + Level 1.4 Axes
 + Level 1.4 Maces & Flails
 + Level 1.4 Polearms
 + Level 1.4 Staves
 + Level 1.4 Slings
 + Level 1.4 Bows
 + Level 1.4 Crossbows
 + Level 1.4 Throwing
 + Level 1.4 Armour
 + Level 4.8 Dodging
 + Level 4.4 Stealth
 + Level 1.4 Shields
 + Level 1.4 Unarmed Combat
 + Level 5.2 Spellcasting
 + Level 1.1 Conjurations
 + Level 1.1 Hexes
 + Level 1.1 Charms
 + Level 1.1 Summonings
 + Level 7.2 Necromancy
 + Level 1.1 Translocations
 + Level 1.1 Transmutations
 + Level 1.1 Fire Magic
 + Level 1.1 Ice Magic
 + Level 1.1 Air Magic
 + Level 1.1 Earth Magic
 + Level 1.1 Poison Magic
 + Level 1.6 Invocations
 + Level 1.4 Evocations


You had 9 spell levels left.
You knew the following spells:

 Your Spells              Type           Power        Failure   Level  Hunger
a - Pain                  Necr           ####         1%          1    None
r - Regeneration          Chrm/Necr      ###.......   8%          3    ###....
A - Animate Skeleton      Necr           N/A          1%          1    None


Dungeon Overview and Level Annotations

Branches:
Dungeon (4/15)
 Temple: D:4-7

Altars:
Elyvilon
Wu Jian


Innate Abilities, Weirdness & Mutations

Your experience applies equally to all skills.
You have very sharp teeth.
Your uncanny sense of smell can sniff out nearby items.


Message History

You see here a worker ant corpse.
You take 1 damage, and have 7/37 hp.
There is nothing here that can be animated!
A hound comes into view.
The hound barks!
The hound stops to sniff the ground.
A hound is nearby!
What are your orders? t - Bark!
Orders for allies: a - Attack new target. r - Retreat! s - Stop attacking. g - Guard the area. f - Follow me.
Anything else - Cancel.
Gang up on whom?
Aim: a hound Attack!
You swap places.
The hound bites your howler monkey skeleton.
Your howler monkey skeleton hits the hound.
You swap places.
The hound bites your howler monkey skeleton.
The hound completely misses your howler monkey skeleton.
Your howler monkey skeleton hits the hound.
Your howler monkey skeleton hits the hound.
The hound bites your orc skeleton. x2
Your howler monkey skeleton hits the hound.
The hound dies!
You swap places.
You hear the slow hiss of a very distant avalanche of sand.
Memorise Regeneration, consuming 3 spell levels and leaving 9?
You start memorising the spell.
You continue memorising. x3
You finish memorising.
Spell assigned to 'r'.
Your skin crawls.
You now have 5/12 mp.
You regained 2 hp, and now have 13/37 hp.
Some of the chunks of flesh in your inventory have rotted away.
Your skin is crawling a little less now.
You swap places.
Your skin stops crawling.
You now have 123 gold pieces (gained 13).
You now have 138 gold pieces (gained 15).
You hear the slow hiss of a very distant avalanche of sand.
j - 4 scrolls labeled QOEBIS FEUB (gained 1)
Found a stone staircase leading down.
You regained 16 hp, and now have 30/37 hp.
MP restored: 12 You now have 150 gold pieces (gained 12).
A ball python comes into view.
You regained 2 hp, and now have 32/37 hp.
A ball python is nearby!
What are your orders? t - Bark!
Orders for allies: a - Attack new target. r - Retreat! s - Stop attacking. g - Guard the area. f - Follow me.
Anything else - Cancel.
Gang up on whom?
Aim: a ball python (resting) Attack!
The ball python hisses angrily.
You hear a shout!
Your howler monkey skeleton barely misses the ball python.
Your howler monkey skeleton hits the ball python.
The ball python dies!
An ogre comes into view. It is wielding a giant club.
Some of the chunks of flesh in your inventory have rotted away.
What are your orders? t - Bark!
Orders for allies: a - Attack new target. r - Retreat! s - Stop attacking. g - Guard the area. f - Follow me.
Anything else - Cancel.
Gang up on whom?
Aim: an ogre, wielding a giant club Attack!
Your howler monkey skeleton hits the ogre.
You don't know that spell.
Aim: an ogre, wielding a giant club (lightly wounded, chance to defeat MR: 84%)
The ogre writhes in agony!
Your howler monkey skeleton hits the ogre.
You take 1 damage, and have 32/37 hp.
You now have 11/12 mp.
Your orc skeleton barely misses the ogre.
Your orc skeleton hits the ogre.
The ogre barely misses you.
MP restored: 12 You hear the hiss of a very distant avalanche of sand.
Aim: an ogre, wielding a giant club (moderately wounded, chance to defeat MR: 84%)
The ogre writhes in agony!
You take 1 damage, and have 32/37 hp.
You now have 11/12 mp.
The ogre hits you with a giant club!!
Ouch! That really hurt!
* * * LOW HITPOINT WARNING * * *
You take 26 damage, and have 6/37 hp.
MASSIVE DAMAGE!!
Your howler monkey skeleton hits the ogre.
MP restored: 12 Your skin crawls.
You now have 9/12 mp.
You regained 2 hp, and now have 11/37 hp.
The ogre hits you with a giant club!
You die...

#.##.####....## #.# #.# #.#
#.#...###.#.#.## #.# #.# #.#
#...#..........# #.# #.# #.#
#.....###.#.#.## #.# #.###..
####..#.####.....####.###......
#....Z#Z##.#.#.#.##...Z..Z..Z..
#.###.#Z#.#..#.#.##.#.######...
##.###....###.#.#.##.#.# #..>
#..............@OZ....#.# #...
#..###....###.#......###.# #...
# #.#...#..###.###.# ## #...
#.##.#.#.# #.# #.# #.#.
#.##.###.# #.# ## #.#.
#.#...##.###.# #...†........#
###...##.##### .######.###.#


You could see an ogre and a friendly howler monkey skeleton.

Vanquished Creatures
  A howler monkey (D:4)
  Ijyb (D:3)
  A worker ant (D:4)
  2 adders
  3 dart slugs
  A leopard gecko (D:2)
  An orc (D:4)
  2 ball pythons
  8 bats
  A giant cockroach (D:1)
  4 goblins
  A hobgoblin (D:1)
  5 jackals (D:1)
  2 quokkas (D:3)
  4 frilled lizards
  5 kobolds
  A leopard gecko skeleton (D:4)
  2 rats (D:1)
45 creatures vanquished.

Vanquished Creatures (collateral kills)
  A hound (D:4)
  An adder (D:3)
  An orc (D:3)
  A ball python (D:4)
4 creatures vanquished.

Grand Total: 49 creatures vanquished

Notes
Turn   | Place    | Note
-------+----------+-------------------------------------------
     0 | D:1      | shakethe the Gnoll Necromancer began the quest for the Orb.
     0 | D:1      | Reached XP level 1. HP: 13/13 MP: 6/6
   249 | D:1      | Reached XP level 2. HP: 11/19 MP: 5/7
   682 | D:1      | Learned a level 1 spell: Animate Skeleton
   884 | D:1      | Reached XP level 3. HP: 20/25 MP: 6/9
  1155 | D:2      | Reached skill level 5 in Spellcasting
  1534 | D:3      | Reached skill level 1 in Invocations
  1538 | D:3      | Found an ornate altar of the Wu Jian Council.
  1569 | D:3      | Reached skill level 1 in Fighting
  1569 | D:3      | Reached skill level 1 in Short Blades
  1569 | D:3      | Reached skill level 1 in Long Blades
  1569 | D:3      | Reached skill level 1 in Axes
  1569 | D:3      | Reached skill level 1 in Maces & Flails
  1569 | D:3      | Reached skill level 1 in Polearms
  1569 | D:3      | Reached skill level 1 in Staves
  1569 | D:3      | Reached skill level 1 in Slings
  1569 | D:3      | Reached skill level 1 in Bows
  1569 | D:3      | Reached skill level 1 in Crossbows
  1569 | D:3      | Reached skill level 1 in Throwing
  1569 | D:3      | Reached skill level 1 in Armour
  1569 | D:3      | Reached skill level 1 in Shields
  1569 | D:3      | Reached skill level 1 in Unarmed Combat
  1569 | D:3      | Reached skill level 1 in Evocations
  1573 | D:3      | Noticed Ijyb
  1604 | D:3      | Killed Ijyb
  1604 | D:3      | Reached XP level 4. HP: 25/32 MP: 2/11
  1681 | D:3      | Found a white marble altar of Elyvilon.
  1808 | D:4      | Reached skill level 1 in Conjurations
  1808 | D:4      | Reached skill level 1 in Hexes
  1808 | D:4      | Reached skill level 1 in Charms
  1808 | D:4      | Reached skill level 1 in Summonings
  1808 | D:4      | Reached skill level 1 in Translocations
  1808 | D:4      | Reached skill level 1 in Transmutations
  1808 | D:4      | Reached skill level 1 in Fire Magic
  1808 | D:4      | Reached skill level 1 in Ice Magic
  1808 | D:4      | Reached skill level 1 in Air Magic
  1808 | D:4      | Reached skill level 1 in Earth Magic
  1808 | D:4      | Reached skill level 1 in Poison Magic
  1828 | D:4      | Reached XP level 5. HP: 17/37 MP: 6/12
  1845 | D:4      | HP: 9/37 [poisoned by an adder]
  1852 | D:4      | HP: 8/37 [poisoned by an adder]
  1860 | D:4      | HP: 7/37 [poisoned by an adder]
  1879 | D:4      | Learned a level 3 spell: Regeneration
  1965 | D:4      | Noticed an ogre
  1978 | D:4      | HP: 6/37 [ogre/giant club (26)]
  1998 | D:4      | Slain by an ogre

Skill      XL: |  1  2  3  4 |
---------------+-------------+-----
Spellcasting   | 5 |  5.2
Invocations    | 1 |  1.6
Fighting       | 1 |  1.4
Short Blades   | 1 |  1.4
Long Blades    | 1 |  1.4
Axes           | 1 |  1.4
Maces & Flails | 1 |  1.4
Polearms       | 1 |  1.4
Staves         | 1 |  1.4
Slings         | 1 |  1.4
Bows           | 1 |  1.4
Crossbows      | 1 |  1.4
Throwing       | 1 |  1.4
Armour         | 1 |  1.4
Shields        | 1 |  1.4
Unarmed Combat | 1 |  1.4
Evocations     | 1 |  1.4
Conjurations   | 1 |  1.1
Hexes          | 1 |  1.1
Charms         | 1 |  1.1
Summonings     | 1 |  1.1
Translocations | 1 |  1.1
Transmutations | 1 |  1.1
Fire Magic     | 1 |  1.1
Ice Magic      | 1 |  1.1
Air Magic      | 1 |  1.1
Earth Magic    | 1 |  1.1
Poison Magic   | 1 |  1.1
Dodging        | |  4.8
Stealth        | |  4.4
Necromancy     | |  7.2

Action                   |  1- 3 |  4- 6 || total
-------------------------+-------+-------++-------
Melee: Short sword       |    10 |     5 ||    15
 Cast: Pain              |    52 |    22 ||    74
       Animate Skeleton  |     4 |     4 ||     8
       Regeneration      |       |     2 ||     2
  Eat: Chunk             |     2 |     1 ||     3
Armor: Robe              |     5 |     1 ||     6
Dodge: Dodged            |    28 |    15 ||    43

Vault maps used:
D:1:      dpeg_arrival_lava_altar, dk_noncrumbling_4
D:2:      lemuel_round_altar, uniq_robin
D:3:      lemuel_round_altar, first_ration, kennysheep_small_spiral,
          elyvilon_altar_1, uniq_ijyb
D:4:      zin_treasury, enter_ossuary_2

Table legend:
 A = Turns spent in this place as a percentage of turns spent in the entire game.
 B = Non-inter-level travel turns spent in this place as a percentage of non-inter-level travel turns spent in the entire game.
 C = Inter-level travel turns spent in this place as a percentage of turns spent in this place.
 D = Turns resting spent in this place as a percentage of non-inter-level travel turns spent in this place.
 E = Turns spent auto-exploring this place as a percentage of non-inter-level travel turns spent in this place.
 F = Non-inter-level travel turns spent in this place divided by the number of levels of this place that you've seen.
                   A       B       C       D       E      F
               +-------+-------+-------+-------+-------+----------------------
         Total | 100.0 | 100.0 |   0.7 |  12.5 |  40.8 | 496.2
       Dungeon | 100.0 | 100.0 |   0.7 |  12.5 |  40.8 | 496.2
               +-------+-------+-------+-------+-------+----------------------

Table legend:
 A = Kills in this place as a percentage of kills in entire the game.
 B = Kills by you in this place as a percentage of kills by you in the entire game.
 C = Kills by friends in this place as a percentage of kills by friends in the entire game.
 D = Other kills in this place as a percentage of other kills in the entire game.
 E = Experience gained in this place as a percentage of experience gained in the entire game.
 F = Experience gained in this place divided by the number of levels of this place that you have seen.
                   A       B       C       D       E      F
               +-------+-------+-------+-------+-------+----------------------
         Total | 100.0 | 100.0 | 100.0 |   N/A | 100.0 |  60.5
       Dungeon | 100.0 | 100.0 | 100.0 |   N/A | 100.0 |  60.5
               +-------+-------+-------+-------+-------+----------------------
